| TOP OF THE 1ST |
|
Burlington Bees batting - Pitching for Waterloo Hawks : RHP John Franks
|
|
Pitching: RHP John Franks
|
|
|
Batting: RHB Kenneth Patterson
|
0-0: Foul Ball, location: 2F 0-1: Foul Ball, location: 2F 0-2: Foul Ball, location: 2F 0-2: Foul Ball, location: 2F 0-2: Foul Ball, location: 2F 0-2: Single, Error in OF, E9, batter to second base (Line Drive, 9S, EV 88.8 MPH)
|
|
Batting: RHB Gregory Chinn
|
0-0: Called Strike 0-1: Foul Ball, location: 2F 0-2: Ground out 4-3 (Groundball, 34, EV 96.9 MPH) Kenneth Patterson to third
|
|
Batting: LHB Brian Devalk
|
0-0: Ball 1-0: Ball 2-0: Ball 3-0: Called Strike 3-1: DOUBLE (Line Drive, 89XD, EV 114.4 MPH) Kenneth Patterson scores
|
|
Batting: RHB Bob Gergen
|
0-0: Foul Ball, location: 2F 0-1: Called Strike 0-2: Foul Ball, location: 2F 0-2: Ball 1-2: Ground out 5-3 (Groundball, 56, EV 100.0 MPH)
|
|
Batting: LHB Pat Castiglia
|
0-0: Ball 1-0: Swinging Strike 1-1: Swinging Strike 1-2: Foul Ball, location: 2F 1-2: Strikes out swinging
|
| Top of the 1st over - 1 run, 2 hits, 1 error, 1 left on base; Burlington 1 - Waterloo 0 |
| BOTTOM OF THE 1ST |
|
Waterloo Hawks batting - Pitching for Burlington Bees : RHP Steven Gibson
|
|
Pitching: RHP Steven Gibson
|
|
|
Batting: RHB Mark Sheehy
|
0-0: Ball 1-0: Ball 2-0: Foul Ball, location: 2F 2-1: Ball 3-1: SINGLE (Flyball, 6D, EV 87.5 MPH)
|
|
Batting: LHB Kenneth Spears
|
0-0: Fly out, F8 (Flyball, 89M, EV 87.5 MPH)
|
|
Batting: RHB Tony Evans
|
0-0: Called Strike 0-1: Grounds into double play, 5-4-3 (Groundball, 25, EV 85.0 MPH)
|
| Bottom of the 1st over - 0 runs, 1 hit, 0 errors, 0 left on base; Burlington 1 - Waterloo 0 |
| TOP OF THE 2ND |
|
Burlington Bees batting - Pitching for Waterloo Hawks : RHP John Franks
|
|
Batting: RHB Mike Quade
|
0-0: Ball 1-0: Foul Ball, location: 2F 1-1: Foul Ball, location: 2F 1-2: Foul Ball, location: 2F 1-2: Ball 2-2: Ball 3-2: Foul Ball, location: 2F 3-2: Foul Ball, location: 2F 3-2: Foul Ball, location: 2F 3-2: Base on Balls
|
|
Batting: RHB Rod Johnson
|
0-0: Ball 1-0: Fly out, F4 (Popup, 34, EV 60.0 MPH)
|
|
Batting: RHB Collin Tanabe
|
0-0: Grounds into double play, 6-4-3 (Groundball, 6, EV 88.8 MPH)
|
| Top of the 2nd over - 0 runs, 0 hits, 0 errors, 0 left on base; Burlington 1 - Waterloo 0 |
| BOTTOM OF THE 2ND |
|
Waterloo Hawks batting - Pitching for Burlington Bees : RHP Steven Gibson
|
|
Batting: LHB Burk Goldthorn
|
0-0: Ball 1-0: Called Strike 1-1: Ground out 4-3 (Groundball, 34D, EV 85.6 MPH)
|
|
Batting: LHB Bruce Humphrey
|
0-0: Ball 1-0: Ground out 3-1 (Groundball, 34, EV 105.6 MPH)
|
|
Batting: RHB Michael Williams
|
0-0: Called Strike 0-1: Ground out 4-3 (Groundball, 4S, EV 72.5 MPH)
|
| Bottom of the 2nd over - 0 runs, 0 hits, 0 errors, 0 left on base; Burlington 1 - Waterloo 0 |
| TOP OF THE 3RD |
|
Burlington Bees batting - Pitching for Waterloo Hawks : RHP John Franks
|
|
Batting: RHB Mike Morse
|
0-0: Called Strike 0-1: Foul Ball, location: 2F 0-2: Ball 1-2: Strikes out swinging
|
|
Batting: RHB Kenneth Patterson
|
0-0: Ball 1-0: SINGLE (Line Drive, 4D, EV 95.0 MPH)
|
|
Batting: RHB Gregory Chinn
|
0-0: Ball 1-0: Ball 2-0: Swinging Strike 2-1: Foul Ball, location: 2F 2-2: Ball 3-2: Fly out, F9 (Flyball, 89XD, EV 110.6 MPH)
|
|
Batting: LHB Brian Devalk
|
0-0: Ball 1-0: Ball Kenneth Patterson steals 2nd base 2-0: Ground out 3-1 (Groundball, 34, EV 87.5 MPH)
|
| Top of the 3rd over - 0 runs, 1 hit, 0 errors, 1 left on base; Burlington 1 - Waterloo 0 |
| BOTTOM OF THE 3RD |
|
Waterloo Hawks batting - Pitching for Burlington Bees : RHP Steven Gibson
|
|
Batting: RHB Kean Rich
|
0-0: Called Strike 0-1: Called Strike 0-2: Ball 1-2: Ball 2-2: Foul Ball, location: 2F 2-2: Foul Ball, location: 2F 2-2: Strikes out looking
|
|
Batting: RHB Paul Stockley
|
0-0: Called Strike 0-1: Ball 1-1: Foul Ball, location: 2F 1-2: Foul Ball, location: 2F 1-2: Strikes out looking
|
|
Batting: RHB Daniel Keck
|
0-0: Called Strike 0-1: Ball 1-1: Ball 2-1: Fly out, F7 (Flyball, 78D, EV 88.8 MPH)
|
| Bottom of the 3rd over - 0 runs, 0 hits, 0 errors, 0 left on base; Burlington 1 - Waterloo 0 |
| TOP OF THE 4TH |
|
Burlington Bees batting - Pitching for Waterloo Hawks : RHP John Franks
|
|
Batting: RHB Bob Gergen
|
0-0: Ball 1-0: Ball 2-0: Called Strike 2-1: Fly out, F5 (Line Drive, 5, EV 73.8 MPH)
|
|
Batting: LHB Pat Castiglia
|
0-0: Foul Ball, location: 2F 0-1: Swinging Strike 0-2: Ball 1-2: Ball 2-2: Strikes out swinging
|
|
Batting: RHB Mike Quade
|
0-0: Ball 1-0: Foul Ball, location: 2F 1-1: SINGLE (Line Drive, 6MD, EV 103.1 MPH)
|
|
Batting: RHB Rod Johnson
|
0-0: Ball 1-0: Fly out, F8 (Flyball, 8RD, EV 84.4 MPH)
|
| Top of the 4th over - 0 runs, 1 hit, 0 errors, 1 left on base; Burlington 1 - Waterloo 0 |
| BOTTOM OF THE 4TH |
|
Waterloo Hawks batting - Pitching for Burlington Bees : RHP Steven Gibson
|
|
Batting: RHB Mark Sheehy
|
0-0: Ball 1-0: Ball 2-0: Ground out 5-3 (Groundball, 5, EV 95.0 MPH)
|
|
Batting: LHB Kenneth Spears
|
0-0: Ball 1-0: Ground out 6-3 (Groundball, 6D, EV 103.8 MPH)
|
|
Batting: RHB Tony Evans
|
0-0: Ball 1-0: Ball 2-0: Swinging Strike 2-1: Swinging Strike 2-2: Ball 3-2: Ground out 3-1 (Groundball, 34, EV 106.3 MPH)
|
| Bottom of the 4th over - 0 runs, 0 hits, 0 errors, 0 left on base; Burlington 1 - Waterloo 0 |
| TOP OF THE 5TH |
|
Burlington Bees batting - Pitching for Waterloo Hawks : RHP John Franks
|
|
Batting: RHB Collin Tanabe
|
0-0: Ground out 5-3 (Groundball, 56, EV 78.8 MPH)
|
|
Batting: RHB Mike Morse
|
0-0: Swinging Strike 0-1: Called Strike 0-2: Ball 1-2: Foul Ball, location: 2F 1-2: Ball 2-2: Ball 3-2: Strikes out looking
|
|
Batting: RHB Kenneth Patterson
|
0-0: Fly out, F1 (Line Drive, P, EV 65.0 MPH)
|
| Top of the 5th over - 0 runs, 0 hits, 0 errors, 0 left on base; Burlington 1 - Waterloo 0 |
| BOTTOM OF THE 5TH |
|
Waterloo Hawks batting - Pitching for Burlington Bees : RHP Steven Gibson
|
|
Batting: LHB Burk Goldthorn
|
0-0: Called Strike 0-1: Ball 1-1: Ball 2-1: Ball 3-1: Base on Balls
|
|
Batting: LHB Bruce Humphrey
|
0-0: Called Strike 0-1: SINGLE (Line Drive, 89M, EV 106.9 MPH) Burk Goldthorn to second
|
|
Batting: RHB Michael Williams
|
0-0: Called Strike 0-1: Called Strike 0-2: Strikes out swinging
|
|
Batting: RHB Kean Rich
|
0-0: Ball 1-0: Ball Wild Pitch! Burk Goldthorn to third Bruce Humphrey to second 2-0: Ball 3-0: Called Strike 3-1: Swinging Strike 3-2: Foul Ball, location: 2F 3-2: Foul Ball, location: 2F 3-2: Base on Balls
|
|
Batting: RHB Paul Stockley
|
0-0: Ball 1-0: Ball 2-0: Called Strike 2-1: Fly out, F5 (Flyball, 5D, EV 90.0 MPH)
|
|
Batting: RHB Daniel Keck
|
0-0: Foul Ball, location: 2F 0-1: Fly out, F5 (Popup, 56, EV 61.9 MPH)
|
| Bottom of the 5th over - 0 runs, 1 hit, 0 errors, 3 left on base; Burlington 1 - Waterloo 0 |
| TOP OF THE 6TH |
|
Burlington Bees batting - Pitching for Waterloo Hawks : RHP John Franks
|
|
Batting: RHB Gregory Chinn
|
0-0: Ball 1-0: Swinging Strike 1-1: Foul Ball, location: 2F 1-2: Ball 2-2: Foul Ball, location: 2F 2-2: Strikes out looking
|
|
Batting: LHB Brian Devalk
|
0-0: Fly out, F7 (Flyball, 78XD, EV 100.0 MPH)
|
|
Batting: RHB Bob Gergen
|
0-0: Foul Ball, location: 2F 0-1: Swinging Strike 0-2: Strikes out looking
|
| Top of the 6th over - 0 runs, 0 hits, 0 errors, 0 left on base; Burlington 1 - Waterloo 0 |
| BOTTOM OF THE 6TH |
|
Waterloo Hawks batting - Pitching for Burlington Bees : RHP Steven Gibson
|
|
Batting: RHB Mark Sheehy
|
0-0: Ball 1-0: Swinging Strike 1-1: Ball 2-1: Ground out 1-3 (Groundball, 13, EV 61.9 MPH)
|
|
Batting: LHB Kenneth Spears
|
0-0: Ball 1-0: Ball 2-0: Ball 3-0: Base on Balls
|
|
Batting: RHB Tony Evans
|
0-0: Ball 1-0: Ball 2-0: Fly out, F4 (Popup, 4MD, EV 54.4 MPH)
|
|
Batting: LHB Burk Goldthorn
|
0-0: Called Strike Kenneth Spears steals 2nd base 0-1: Foul Ball, location: 2F 0-2: Ball 1-2: Ball 2-2: Ball 3-2: 2-RUN HOME RUN (Flyball, 9D, EV 100.6 MPH), Distance : 359 ft
|
|
Batting: LHB Bruce Humphrey
|
0-0: Ball 1-0: Swinging Strike 1-1: Ball 2-1: Foul Ball, location: 2F 2-2: Ball 3-2: Base on Balls
|
|
Batting: RHB Michael Williams
|
0-0: Called Strike 0-1: Called Strike 0-2: Ball 1-2: Ball 2-2: Strikes out swinging
|
| Bottom of the 6th over - 2 runs, 1 hit, 0 errors, 1 left on base; Burlington 1 - Waterloo 2 |
| BOTTOM OF THE 7TH |
|
Waterloo Hawks batting - Pitching for Burlington Bees : RHP Steven Gibson
|
|
Now at SS: Ronald Adkins
|
|
|
Batting: RHB Kean Rich
|
0-0: Ball 1-0: Ball 2-0: Called Strike 2-1: Ball 3-1: Foul Ball, location: 2F 3-2: Fly out, F8 (Line Drive, 8LD, EV 92.5 MPH)
|
|
Batting: RHB Paul Stockley
|
0-0: Foul Ball, location: 2F 0-1: Ball 1-1: Ball 2-1: Swinging Strike 2-2: Foul Ball, location: 2F 2-2: Foul Ball, location: 2F 2-2: Ball 3-2: Foul Ball, location: 2F 3-2: SINGLE (Groundball, 6D, EV 96.3 MPH)
|
|
Batting: RHB Daniel Keck
|
0-0: Ball 1-0: Foul Ball, location: 2F 1-1: Grounds into double play, 4-6-3 (Groundball, 4, EV 78.1 MPH)
|
| Bottom of the 7th over - 0 runs, 1 hit, 0 errors, 0 left on base; Burlington 4 - Waterloo 2 |
| TOP OF THE 8TH |
|
Burlington Bees batting - Pitching for Waterloo Hawks : RHP John Franks
|
|
Batting: LHB Pat Castiglia
|
0-0: Ground out 5-3 (Groundball, 56, EV 85.6 MPH)
|
|
Batting: RHB Mike Quade
|
0-0: Foul Ball, location: 2F 0-1: Foul Ball, location: 2F 0-2: Ball 1-2: Ball 2-2: Ball 3-2: DOUBLE (Groundball, 5D, EV 106.3 MPH)
|
|
Batting: RHB Rod Johnson
|
0-0: Ball 1-0: Foul Ball, location: 2F 1-1: Foul Ball, location: 2F 1-2: Ball 2-2: Ground out 6-3 (Groundball, 6, EV 81.3 MPH) Mike Quade to third
|
|
Batting: RHB Collin Tanabe
|
0-0: Ball 1-0: Foul Ball, location: 2F 1-1: Ball 2-1: Fly out, F8 (Flyball, 89XD, EV 109.4 MPH)
|
| Top of the 8th over - 0 runs, 1 hit, 0 errors, 1 left on base; Burlington 4 - Waterloo 2 |
| BOTTOM OF THE 8TH |
|
Waterloo Hawks batting - Pitching for Burlington Bees : RHP Steven Gibson
|
|
Batting: RHB Mark Sheehy
|
0-0: Swinging Strike 0-1: Ball 1-1: Swinging Strike 1-2: Foul Ball, location: 2F 1-2: Ball 2-2: Ball 3-2: SINGLE (Line Drive, 56D, EV 99.4 MPH)
|
|
Batting: LHB Kenneth Spears
|
0-0: Ball 1-0: Ball 2-0: Ball 3-0: Called Strike 3-1: Base on Balls Mark Sheehy to second
|
|
Batting: RHB Tony Evans
|
0-0: Ball 1-0: SINGLE (Line Drive, 34D, EV 95.6 MPH) Mark Sheehy to third Kenneth Spears to second Runner from 3rd tries for Home, SAFE, throw by RF to home
|
|
Batting: LHB Burk Goldthorn
|
0-0: Called Strike 0-1: Ball 1-1: Called Strike 1-2: Foul Ball, location: 2F 1-2: Ball 2-2: Foul Ball, location: 2F 2-2: Ball 3-2: Foul Ball, location: 2F 3-2: Grounds into double play, 1-6-3 (Groundball, P, EV 66.9 MPH) Kenneth Spears to third
|
|
Batting: LHB Bruce Humphrey
|
0-0: Fly out, F7 (Flyball, 78M, EV 95.6 MPH)
|
| Bottom of the 8th over - 1 run, 2 hits, 0 errors, 1 left on base; Burlington 4 - Waterloo 3 |
| TOP OF THE 9TH |
|
Burlington Bees batting - Pitching for Waterloo Hawks : RHP John Franks
|
|
Batting: RHB Ronald Adkins
|
0-0: Called Strike 0-1: Foul Ball, location: 2F 0-2: Ball 1-2: Ball 2-2: DOUBLE (Flyball, 5D, EV 95.6 MPH)
|
|
Batting: RHB Kenneth Patterson
|
0-0: Called Strike 0-1: Ball 1-1: Fly out, F8 (Flyball, 8LD, EV 96.3 MPH)
|
|
Batting: RHB Gregory Chinn
|
0-0: Ball Ronald Adkins steals 3rd base (no throw) 1-0: Called Strike 1-1: Ball 2-1: Called Strike 2-2: Strikes out swinging
|
|
Batting: LHB Brian Devalk
|
0-0: Called Strike 0-1: Ball 1-1: Fly out, F9 (Flyball, 89D, EV 101.9 MPH)
|
| Top of the 9th over - 0 runs, 1 hit, 0 errors, 1 left on base; Burlington 4 - Waterloo 3 |
| BOTTOM OF THE 9TH |
|
Waterloo Hawks batting - Pitching for Burlington Bees : RHP Steven Gibson
|
|
Pitching: RHP Roland Dickerson
|
|
|
Now at 1B: Frank Hardy
|
|
|
Now in RF: Mark Miller
|
|
|
Batting: RHB Michael Williams
|
0-0: Ball 1-0: Fly out, F8 (Flyball, 8RM, EV 90.6 MPH)
|
|
Batting: RHB Kean Rich
|
0-0: Reached on error, E6 (Groundball, 56, EV 97.5 MPH)
|
|
Batting: RHB Paul Stockley
|
0-0: Ball 1-0: Ball 2-0: Called Strike 2-1: Ball 3-1: Base on Balls Kean Rich to second
|
|
Batting: RHB Daniel Keck
|
0-0: Called Strike 0-1: Ball 1-1: Ball 2-1: Foul Ball, location: 2F 2-2: Foul Ball, location: 2F 2-2: Ball 3-2: Foul Ball, location: 2F 3-2: Strikes out looking
|
|
Batting: RHB Mark Sheehy
|
0-0: Foul Ball, location: 2F 0-1: Ball 1-1: SINGLE (Flyball, 78S, EV 90.6 MPH) Kean Rich to third Paul Stockley to second Runner from 3rd tries for Home, SAFE, throw by LF to home
|
|
Pitching: RHP David Loeffler
|
|
|
Batting: LHB Kenneth Spears
|
0-0: Called Strike 0-1: Ball 1-1: SINGLE (Flyball, 3D, EV 95.6 MPH) Paul Stockley to third Mark Sheehy to second Runner from 3rd tries for Home, SAFE, throw by RF to home
|
| Bottom of the 9th over - 2 runs, 2 hits, 1 error, 0 left on base; Burlington 4 - Waterloo 5 |
|